 Dungeon Crawl Stone Soup version 0.18.1-50-g88ac8fd (webtiles) character file.

70 nikopol the Skirmisher (level 4, -7/40 HPs)
             Began as a Minotaur Berserker on Oct 1, 2016.
             Was a Believer of Trog.
             Killed from afar by an orc wizard (9 damage)
             ... with a magic dart
             ... on level 3 of the Dungeon.
             The game lasted 00:03:32 (1263 turns).

nikopol the Skirmisher (Minotaur Berserker)         Turns: 1263, Time: 00:03:33

Health: -7/40      AC:  5    Str: 22    XL:     4   Next: 3%
Magic:  3/3        EV: 11    Int:  4    God:    Trog [**....]
Gold:   66         SH:  0    Dex: 10    Spells: 0 memorised, 3 levels left

rFire  . . .     SeeInvis .     a - +0 hand axe
rCold  . . .     Gourm    .     d - +0 ring mail
rNeg   . . .     Faith    .     (no shield)
rPois  .         Spirit   .     (helmet restricted)
rElec  .         Dismiss  .     (no cloak)
rCorr  .         Reflect  .     (no gloves)
SustAt .         Harm     .     (no boots)
MR     .....                    (no amulet)
Stlth  ..........               (no ring)
                                (no ring)

@: not resistant to hostile enchantments, extremely unstealthy
A: retaliatory headbutt, horns 2
a: Berserk, Trog's Hand, Burn Spellbooks, Renounce Religion


You were on level 3 of the Dungeon.
You worshipped Trog.
Trog was pleased with you.
You were very hungry.

You visited 1 branch of the dungeon, and saw 3 of its levels.

You collected 66 gold pieces.

Inventory:

Hand Weapons
 a - a +0 hand axe (weapon)
Missiles
 i - 28 arrows (quivered)
Armour
 b - a +0 animal skin
 d - a +0 ring mail (worn)
Scrolls
 f - 3 scrolls of enchant weapon {unknown}
 j - 4 scrolls of identify {unknown}
 l - 2 scrolls of remove curse {unknown}
Potions
 e - 2 potions of cure mutation {unknown}
 g - 4 potions of curing {unknown}
 k - 3 potions of cancellation {unknown}
 n - a potion of brilliance {unknown}
Comestibles
 c - 2 bread rations
 h - 4 meat rations
 m - a slice of pizza


   Skills:
 + Level 4.3 Fighting
 + Level 4.2 Axes
 + Level 3.4 Armour
 + Level 3.0 Dodging


You had 3 spell levels left.
You didn't know any spells.

Dungeon Overview and Level Annotations

Branches:
Dungeon (3/15)

Altars:


Innate Abilities, Weirdness & Mutations

You reflexively headbutt those who attack you in melee.
You have a pair of horns on your head.


Message History

You miss the kobold. You hit the orc priest.
The orc priest is lightly wounded.
The orc closely misses you. The kobold misses you.
The orc priest hits you with a mace.
You hit the orc wizard. Your headbutt misses the orc wizard.
The orc wizard is lightly wounded.
You hit the orc.
The orc is heavily wounded.
You closely miss the kobold. You hit the orc priest.
The orc priest is moderately wounded.
The orc wizard closely misses you. The orc closely misses you.
The kobold barely misses you. The orc priest hits you with a mace.
The kobold hits you but does no damage.
You feel less confused.
The orc priest calls down the wrath of Beogh upon you.
Pain shoots through your body!
* * * LOW HITPOINT WARNING * * *
The orc wizard casts a spell at you. The magic dart hits you!
You die...

#.#...### #.#......
........# ###.....#
......))#
.####.oo.############.
.......oK.............
.#.###..%##<##########
.......@...........
....#######.#######
... ..# .. ### .


You could see an orc priest, an orc wizard, an orc and a kobold.

Vanquished Creatures
  An adder (D:2)
  An ooze (D:1)
  5 dart slugs
  4 orcs (D:3)
  3 bats
  A giant cockroach (D:1)
  5 goblins
  5 hobgoblins
  4 jackals (D:1)
  5 kobolds
  7 rats
41 creatures vanquished.

Notes
Turn   | Place    | Note
--------------------------------------------------------------
     0 | D:1      | nikopol the Minotaur Berserker began the quest for the Orb.
     0 | D:1      | Reached XP level 1. HP: 19/19 MP: 0/0
   163 | D:1      | Reached XP level 2. HP: 27/27 MP: 1/1
   449 | D:1      | Reached XP level 3. HP: 26/33 MP: 2/2
   449 | D:1      | Reached ** piety under Trog
  1260 | D:3      | Reached XP level 4. HP: 24/40 MP: 3/3
  1263 | D:3      | HP: 2/40 [orc priest/nerve-wracking pain (13)]
  1263 | D:3      | Killed from afar by an orc wizard

Skill      XL: |  1  2  3 |
---------------+----------+-----
Fighting       | 4 |  4.3
Armour         | 3 |  3.4
Axes           | 4 |  4.2
Dodging        | 3 |  3.0

Action                   |  1- 3 |  4- 6 || total
-------------------------+-------+-------++-------
Melee: Hand axe          |    72 |     1 ||    73
       Headbutt          |    12 |       ||    12
Armor: Animal skin       |     2 |       ||     2
       Ring mail         |    25 |     1 ||    26
Dodge: Dodged            |    51 |     5 ||    56
